[Event "Team 45 45 League T50"]
[Site "Internet Chess Club"]
[Date "2011.09.11"]
[Round "5"]
[White "MJYSONG"]
[Black "eurander"]
[Result "0-1"]
[WhiteElo "1866"]
[BlackElo "2166"]
[Opening "QGD Slav: 4.e3 Bf5"]
[ECO "D12"]
[Time "10:00:30"]
[TimeControl "2700+45"]

1. d4 d5 2. c4 c6 3. Nf3 Nf6 4. e3 Bf5 5. Nc3 e6 6. Nh4 Bg6 7. Be2 Bd6 8. Bd2
Nbd7 9. Rc1 dxc4 10. Nxg6 hxg6 11. f4 b5 12. Bf3 Rc8 13. O-O Nd5 14. Ne2 Qh4 15.
h3 g5 16. b3 gxf4 17. bxc4 bxc4 18. exf4 Nxf4 19. Bxf4 Bxf4 20. Rxc4 Be3+ 21.
Kh1 O-O 22. Qd3 Nb6 23. Rxc6 Rxc6 24. Bxc6 Bh6 25. a4 Rd8 26. Qf3 Qe7 27. a5 Nd5
28. a6 Qc7 29. Bb7 Ne3 30. Rb1 Nf5 31. Qd3 Be3 32. d5 Qe5 33. Rf1 g6 34. Rf3 Bb6
35. Qd1 exd5 36. Rd3 Re8 37. Rd2 Bc7 38. Kg1 Qh2+ 39. Kf2 {White resigns} 0-1

[Event "Team 45 45 League T50"]
[Site "Internet Chess Club"]
[Date "2011.09.11"]
[Round "5"]
[White "VietLion"]
[Black "Razvanel"]
[Result "1-0"]
[WhiteElo "1918"]
[BlackElo "1979"]
[Opening "Sicilian: Pelikan (Lasker/Sveshnikov) variation"]
[ECO "B33"]
[Time "16:01:00"]
[TimeControl "2700+45"]

1. e4 c5 2. Nf3 Nc6 3. d4 cxd4 4. Nxd4 Nf6 5. Nc3 e5 6. Ndb5 d6 7. Bg5 a6 8.
Bxf6 gxf6 9. Na3 b5 10. Nd5 Bg7 11. c3 f5 12. Bd3 Be6 13. Nc2 O-O 14. Nce3 fxe4
15. Bxe4 f5 16. Bc2 Rb8 17. g4 fxg4 18. h4 e4 19. Bxe4 b4 20. Bb1 Qd7 21. Qc2
Bh8 22. f4 bxc3 23. bxc3 Bxd5 24. Nxd5 Rbe8+ 25. Kd1 Nd4 26. cxd4 Bxd4 27. Qc4
Qe6 28. f5 Qe5 29. Ne7+ Kg7 30. Nc6 Qg3 31. Qxd4+ Kg8 32. Qd5+ Kh8 33. Bd3 Re3
34. Qd4+ {Black resigns} 1-0

[Event "Team 45 45 League T50"]
[Site "Internet Chess Club"]
[Date "2011.09.12"]
[Round "5"]
[White "musk6868"]
[Black "subterfuge"]
[Result "0-1"]
[WhiteElo "1872"]
[BlackElo "1758"]
[Opening "Catalan: closed"]
[ECO "E01"]
[Time "21:11:29"]
[TimeControl "2700+45"]

1. d4 Nf6 2. c4 e6 3. g3 d5 4. Bg2 c6 5. b3 dxc4 6. bxc4 Bb4+ 7. Kf1 O-O 8. Nf3
Nbd7 9. Bd2 Bd6 10. Nc3 e5 11. dxe5 Nxe5 12. Bg5 Bf5 13. Nxe5 Bxe5 14. Qb3 h6
15. Bxf6 Qxf6 16. Rc1 Rad8 17. Ne4 Qe7 18. Nc3 Rfe8 19. Qb2 Bxc3 20. Qxc3 Qxe2+
21. Kg1 Rd1+ 22. Bf1 Qxf1# {White checkmated} 0-1

[Event "Team 45 45 League T50"]
[Site "Internet Chess Club"]
[Date "2011.09.11"]
[Round "5"]
[White "QueensCounselor"]
[Black "NFork"]
[Result "1-0"]
[WhiteElo "2179"]
[BlackElo "2279"]
[Opening "Old Indian defense"]
[ECO "A42"]
[Time "15:00:25"]
[TimeControl "2700+45"]

1. d4 d6 2. c4 e5 3. Nf3 e4 4. Nfd2 f5 5. e3 Nf6 6. Be2 Nc6 7. Nc3 g6 8. O-O Bh6
9. b3 Qe7 10. Ba3 O-O 11. Nd5 Qf7 12. Nxf6+ Qxf6 13. g3 Bd7 14. Rb1 a5 15. Bb2
Qe7 16. Re1 Rae8 17. Bf1 g5 18. a3 Nd8 19. Qc2 Nf7 20. b4 axb4 21. axb4 c6 22.
Ra1 Qf6 23. Ra7 Bc8 24. d5 Ne5 25. dxc6 bxc6 26. b5 c5 27. Rea1 Bg7 28. R1a2 Qh6
29. b6 f4 30. exf4 gxf4 31. Qxe4 fxg3 32. hxg3 Bf5 33. Qh1 Qg6 34. Qd5+ Be6 35.
Qxd6 Rd8 36. Rxg7+ Kxg7 37. Qxe5+ Kh6 38. Qe3+ Kh5 39. Be2+ Bg4 40. Bxg4+ Qxg4
41. Qxc5+ Rf5 42. Qe3 Qd1+ 43. Nf1 Rd3 44. Qe8+ Kg4 45. Qe4+ Kg5 46. Qh4+ Kg6
47. b7 Qe2 48. Ra6+ Kf7 49. Qxh7+ {Black resigns} 1-0

[Event "Team 45 45 League T50"]
[Site "Internet Chess Club"]
[Date "2011.09.10"]
[Round "5"]
[White "DarkFlow"]
[Black "fledermaus"]
[Result "0-1"]
[WhiteElo "1922"]
[BlackElo "1914"]
[Opening "Caro-Kann: Panov-Botvinnik attack"]
[ECO "B13"]
[Time "12:16:09"]
[TimeControl "2700+45"]

1. e4 c6 2. d4 d5 3. exd5 cxd5 4. c4 Nf6 5. Nc3 Nc6 6. Nf3 Bg4 7. cxd5 Nxd5 8.
Qb3 Bxf3 9. gxf3 e6 10. Qxb7 Nxd4 11. Bb5+ Nxb5 12. Qxb5+ Qd7 13. Nxd5 exd5 14.
Qxd7+ Kxd7 15. Be3 Bb4+ 16. Ke2 Rhc8 17. Rac1 a6 18. Kd3 Bd6 19. Kd4 Ke6 20. f4
Rab8 21. Rhg1 Rb4+ 22. Kd3 Rxc1 23. Bxc1 g6 24. a3 Rb3+ 25. Ke2 d4 26. Rg3 Rb8
27. Kd3 Kd5 28. h4 Be7 29. b4 h5 30. Rh3 a5 31. Bd2 axb4 32. Bxb4 Bxb4 33. axb4
Rxb4 34. Rh1 Rb3+ 35. Ke2 Ke4 36. Rd1 Rh3 37. f3+ Rxf3 38. Rxd4+ Kxd4 39. Kxf3
f5 {White resigns} 0-1

[Event "Team 45 45 League T50"]
[Site "Internet Chess Club"]
[Date "2011.09.10"]
[Round "5"]
[White "jonesey"]
[Black "Greedy-Reedy"]
[Result "1/2-1/2"]
[WhiteElo "1976"]
[BlackElo "2007"]
[Opening "King's Indian, 3.Nf3"]
[ECO "E60"]
[Time "11:01:14"]
[TimeControl "2700+45"]

1. d4 Nf6 2. Nf3 g6 3. c4 c5 4. d5 b5 5. cxb5 a6 6. bxa6 Bxa6 7. b3 Bg7 8. Bb2
O-O 9. g3 d6 10. Bg2 Nbd7 11. O-O Qb6 12. Re1 Rfb8 13. h3 c4 14. Bd4 Qb7 15.
bxc4 Bxc4 16. Nc3 Bxd5 17. Nxd5 Nxd5 18. Bxg7 Kxg7 19. Ne5 N7f6 20. Ng4 Ra5 21.
Nxf6 exf6 22. Qd2 Qb5 23. Red1 Ne7 24. Qxd6 Nf5 25. Qd3 Qxd3 26. Rxd3 Rb2 27. e4
Ne7 28. a3 Nc6 29. Rc3 Nd4 30. Rc7 Ne6 31. Rc3 Nd4 32. Rc7 Ne6 33. Rc3 {Game
drawn by mutual agreement} 1/2-1/2

[Event "Team 45 45 League T50"]
[Site "Internet Chess Club"]
[Date "2011.09.09"]
[Round "5"]
[White "zap2"]
[Black "civilization"]
[Result "1/2-1/2"]
[WhiteElo "1793"]
[BlackElo "1772"]
[Opening "Réti: King's Indian attack"]
[ECO "A05"]
[Time "15:09:27"]
[TimeControl "2700+45"]

1. Nf3 Nf6 2. g3 g6 3. Bg2 Bg7 4. O-O O-O 5. d3 d5 6. Nbd2 c5 7. e4 dxe4 8. dxe4
Nc6 9. c3 e5 10. a4 Qc7 11. h3 Rd8 12. Qe2 Be6 13. Ng5 Qe7 14. Nxe6 Qxe6 15. Nc4
Rd7 16. Be3 Qe7 17. Rfd1 Rad8 18. Rxd7 Rxd7 19. Rd1 b6 20. Rxd7 Qxd7 21. Qd2
Qxd2 22. Bxd2 Ne8 23. f4 f6 24. Kf2 Kf7 25. Be3 Bf8 26. h4 Nd6 27. Nxd6+ Bxd6
28. Bf3 Nd8 29. Be2 Ne6 30. Bc4 Ke7 31. f5 Ng7 32. g4 gxf5 33. exf5 h5 34. Bh6
Kf8 35. g5 Be7 36. g6 Bd6 37. Be2 Kg8 38. Bxg7 Kxg7 39. Bxh5 e4 40. Ke3 Bg3 41.
Kxe4 Bxh4 42. Kd5 Bg5 43. Kc6 Bc1 44. b3 Bb2 45. c4 Bc3 46. Kb7 a5 47. Kxb6 Bb4
48. Bf3 Kf8 49. Kc6 Kg7 50. Bd5 Kf8 51. Kd6 Kg7 52. Bc6 Kf8 53. Bd7 Kg7 54. Ke6
Ba3 55. Kd5 Bb4 56. Kd6 Kf8 {Game drawn by mutual agreement} 1/2-1/2

[Event "Team 45 45 League T50"]
[Site "Internet Chess Club"]
[Date "2011.09.09"]
[Round "5"]
[White "redboot"]
[Black "j65536d"]
[Result "1-0"]
[WhiteElo "1676"]
[BlackElo "1791"]
[Opening "Sicilian: closed"]
[ECO "B23"]
[Time "20:04:34"]
[TimeControl "2700+45"]

1. e4 c5 2. Nc3 e6 3. g3 Nc6 4. Bg2 Be7 5. d3 Nf6 6. f4 O-O 7. e5 Ne8 8. Be3 f6
9. Bxc6 bxc6 10. Nf3 Nc7 11. Ne4 Nd5 12. Bf2 Qb6 13. c4 Nc7 14. exf6 gxf6 15.
Qe2 d5 16. Nc3 a5 17. O-O a4 18. Rab1 Bd7 19. Nh4 Bd6 20. Qg4+ Kh8 21. f5 e5 22.
Qh5 Be8 23. Qh6 Rf7 24. Be1 Kg8 25. Bd2 Bf8 26. Qh5 Rg7 27. Qe2 Bf7 28. Ng2 Kh8
29. Bh6 Rg8 30. Bxf8 Rgxf8 31. Nd1 Ne8 32. Nge3 Nd6 33. Nf2 Rae8 34. Nfg4 Bg8
35. Nh6 e4 36. b3 d4 37. Ng2 a3 38. Nf4 exd3 39. Qxd3 Re3 40. Qd1 Qa7 41. Qh5
Bf7 42. Qh4 Be8 43. Rbe1 Qe7 44. Ne6 Rxe1 45. Rxe1 Bd7 46. g4 Re8 47. Kf1 Nf7
48. Nxc5 Qxe1+ 49. Qxe1 Rxe1+ 50. Kxe1 Nxh6 51. Nxd7 Nxg4 52. Ke2 Kg7 53. h3 Ne3
54. Nb8 c5 55. Nd7 Nc2 56. Kd2 Nb4 57. Nxc5 Nxa2 58. Ne6+ Kh6 59. Nxd4 Nb4 60.
Kc3 a2 61. Kb2 Kg5 62. c5 Nd3+ 63. Kxa2 Nxc5 64. Ne6+ Nxe6 65. fxe6 Kg6 66. b4
f5 67. b5 f4 68. b6 f3 69. e7 Kf7 70. b7 Kxe7 71. b8=Q f2 72. Qf4 {Black
resigns} 1-0

[Event "Team 45 45 League T50"]
[Site "Internet Chess Club"]
[Date "2011.09.13"]
[Round "5"]
[White "Bible-Believer"]
[Black "powerchess1"]
[Result "0-1"]
[WhiteElo "1446"]
[BlackElo "1591"]
[Opening "French: Tarrasch, closed variation"]
[ECO "C05"]
[Time "19:00:20"]
[TimeControl "2700+45"]

1. e4 e6 2. d4 d5 3. Nd2 Nf6 4. e5 Nfd7 5. Ngf3 c5 6. c3 Nc6 7. Bd3 cxd4 8. cxd4
f6 9. Bb5 Bb4 10. O-O O-O 11. Qe2 Qc7 12. a3 Bxd2 13. Bxd2 fxe5 14. Bxc6 bxc6
15. Ng5 Rf6 16. Qg4 Nf8 17. Rac1 Rg6 18. Qh4 exd4 19. Bb4 Rh6 20. Qxd4 Qxh2#
{White checkmated} 0-1

[Event "Team 45 45 League T50"]
[Site "Internet Chess Club"]
[Date "2011.09.10"]
[Round "5"]
[White "chesskix"]
[Black "Neoman"]
[Result "1-0"]
[WhiteElo "1488"]
[BlackElo "1600"]
[Opening "English: Sicilian reversed"]
[ECO "A25"]
[Time "19:00:06"]
[TimeControl "2700+45"]

1. c4 e5 2. Nc3 Nc6 3. g3 f5 4. e3 Nf6 5. Nge2 Be7 6. Bg2 O-O 7. Nd5 d6 8. b3
Be6 9. Nxe7+ Qxe7 10. Bb2 Rad8 11. Ba3 Qf7 12. Qc2 Rfe8 13. f4 exf4 14. Nxf4 g6
15. O-O a5 16. d3 Ng4 17. Rfe1 Nf6 18. Bb2 Rf8 19. Bxf6 Qxf6 20. Nxe6 Nb4 21.
Qd2 Qxe6 22. a3 c6 23. axb4 axb4 24. Qxb4 Rd7 25. Ra7 Rff7 26. Qa5 Qe5 27. Ra8+
Kg7 28. d4 Qxa5 29. Rxa5 Rde7 30. d5 c5 31. Kf2 g5 32. Rg1 Re5 33. Raa1 Kf6 34.
Rge1 h5 35. Re2 Rfe7 36. Rae1 b5 37. e4 bxc4 38. bxc4 fxe4 39. Bxe4 h4 40. g4
Kg7 41. Bf5 {Black resigns} 1-0

[Event "Team 45 45 League T50"]
[Site "Internet Chess Club"]
[Date "2011.09.11"]
[Round "5"]
[White "Egmont"]
[Black "DungBeetle"]
[Result "1-0"]
[WhiteElo "1780"]
[BlackElo "1643"]
[Opening "Ruy Lopez: old Steinitz defense"]
[ECO "C62"]
[Time "12:39:42"]
[TimeControl "2700+45"]

1. e4 e5 2. Nf3 Nc6 3. Bb5 d6 4. c3 Nf6 5. d3 Be7 6. Nbd2 a6 7. Ba4 b5 8. Bc2 h6
9. O-O Bg4 10. h3 Bh5 11. Re1 O-O 12. Nf1 Qd7 13. Ng3 Bg6 14. d4 Rfd8 15. Be3
exd4 16. Nxd4 d5 17. exd5 Nxd5 18. Bxg6 fxg6 19. Qd3 Nxe3 20. Rxe3 Bg5 21. Re4
Ne7 22. Qe2 Bf6 23. Ne6 Re8 24. Rd1 Nd5 25. Nxc7 Rxe4 26. Qxe4 Qxc7 27. Qxd5+
Kh7 28. Qxa8 {Black resigns} 1-0

[Event "Team 45 45 League T50"]
[Site "Internet Chess Club"]
[Date "2011.09.11"]
[Round "5"]
[White "KnightOfCydonia"]
[Black "JWB"]
[Result "1-0"]
[WhiteElo "1720"]
[BlackElo "1641"]
[Opening "Trompowsky attack (Ruth, Opocenský opening)"]
[ECO "A45"]
[Time "14:02:37"]
[TimeControl "2700+45"]

1. d4 Nf6 2. Bg5 Ne4 3. Bh4 c5 4. d5 d6 5. f3 Nf6 6. c4 g6 7. Bxf6 exf6 8. Nc3
Bg7 9. e4 Qe7 10. Bd3 Nd7 11. Nge2 O-O 12. O-O Ne5 13. a3 Nxd3 14. Qxd3 f5 15.
Ng3 fxe4 16. Ngxe4 a6 17. Rab1 Bd4+ 18. Kh1 Bf5 19. Rfe1 Qh4 20. g3 Qh3 21. Qf1
Qh6 22. g4 Be5 23. Qg2 Bd7 24. Nxc5 Bxh2 25. Qxh2 Qxh2+ 26. Kxh2 dxc5 27. Ne4 b6
28. Nf6+ Kg7 29. Nxd7 {Black resigns} 1-0

[Event "Team 45 45 League T50"]
[Site "Internet Chess Club"]
[Date "2011.09.11"]
[Round "5"]
[White "Constrictor"]
[Black "chekbouncer"]
[Result "1-0"]
[WhiteElo "1641"]
[BlackElo "1468"]
[Opening "Réti: Nimzovich-Larsen attack"]
[ECO "A06"]
[Time "20:23:36"]
[TimeControl "2700+45"]

1. Nf3 d5 2. b3 c5 3. e3 Nc6 4. Bb2 f6 5. d4 e5 6. dxe5 fxe5 7. Nxe5 Nf6 8. Nxc6
bxc6 9. Be2 Bd6 10. Bh5+ Nxh5 11. Qxh5+ g6 12. Qe2 O-O 13. Nd2 a5 14. h3 a4 15.
O-O Ba6 16. c4 Qg5 17. Qg4 Qe7 18. Qd1 Bc8 19. cxd5 Bxh3 20. gxh3 h5 21. Nf3
Rxf3 22. Qxf3 Rf8 23. Qg2 Kh7 24. dxc6 Rf5 25. Kh1 Qe6 26. e4 Rg5 27. Qf3 Bc7
28. Rad1 axb3 29. axb3 Bd6 30. Rg1 {Black resigns} 1-0

[Event "Team 45 45 League T50"]
[Site "Internet Chess Club"]
[Date "2011.09.11"]
[Round "5"]
[White "moto"]
[Black "philosopherking"]
[Result "0-1"]
[WhiteElo "1334"]
[BlackElo "1486"]
[Opening "French: Labourdonnais variation"]
[ECO "C00"]
[Time "15:06:11"]
[TimeControl "2700+45"]

1. e4 e6 2. f4 d5 3. e5 c5 4. Nf3 Nc6 5. Bb5 Qb6 6. Bxc6+ bxc6 7. Nc3 Ba6 8. d3
Nh6 9. Bd2 Nf5 10. O-O c4+ 11. Kh1 cxd3 12. cxd3 Bxd3 13. Re1 Qxb2 14. g4 Nh6
15. Qb1 {White resigns} 0-1

[Event "Team 45 45 League T50"]
[Site "Internet Chess Club"]
[Date "2011.09.11"]
[Round "5"]
[White "check-man"]
[Black "SlimeDog2"]
[Result "1/2-1/2"]
[WhiteElo "1817"]
[BlackElo "2084"]
[Opening "Petrov three knights game"]
[ECO "C42"]
[Time "19:30:10"]
[TimeControl "2700+45"]

1. e4 e5 2. Nf3 Nf6 3. Nc3 Bb4 4. Nxe5 O-O 5. Be2 d6 6. Nd3 Bxc3 7. dxc3 Nxe4 8.
O-O Re8 9. Nf4 Nd7 10. c4 Ndc5 11. f3 Nf6 12. Re1 Bf5 13. Bd3 Qd7 14. Be3 Nxd3
15. cxd3 d5 16. Qb3 d4 17. Bf2 c5 18. Rad1 g5 19. Nd5 Nxd5 20. cxd5 Rad8 21. Qc4
b6 22. b4 Rc8 23. Rxe8+ Qxe8 24. bxc5 Rxc5 25. Qxd4 Qd7 26. d6 Be6 27. Qf6 Rf5
28. Qe7 Rd5 29. Bg3 Qa4 30. Re1 Qxa2 31. Qd8+ Kg7 32. d4 Qa5 33. Qe7 Kg6 34.
Rxe6+ fxe6 35. Qxe6+ Kh5 36. Qf7+ {Game drawn by mutual agreement} 1/2-1/2

[Event "Team 45 45 League T50"]
[Site "Internet Chess Club"]
[Date "2011.09.12"]
[Round "5"]
[White "musk6868"]
[Black "imawesome"]
[Result "0-1"]
[WhiteElo "1895"]
[BlackElo "1868"]
[Opening "Catalan opening"]
[ECO "E00"]
[Time "18:06:18"]
[TimeControl "2700+45"]

1. d4 Nf6 2. c4 e6 3. g3 Bb4+ 4. Bd2 Qe7 5. Bg2 Nc6 6. e3 Bxd2+ 7. Qxd2 d6 8.
Ne2 e5 9. d5 Nb8 10. b4 a5 11. bxa5 Na6 12. O-O Nc5 13. Nbc3 Bf5 14. f4 Bd3 15.
fxe5 dxe5 16. Nb5 O-O 17. Rac1 Bxe2 18. Qxe2 Rxa5 19. e4 Rfa8 20. Rc2 Ne8 21.
Bh3 Nd6 22. Nxd6 cxd6 23. Bf5 Qg5 24. Qf2 Nd3 25. Qf3 Ra3 26. Kh1 Ne1 27. Qf2
Nxc2 28. Be6 Qf6 29. Qe2 Nd4 30. Qg2 Rf3 {White forfeits on time} 0-1

[Event "Team 45 45 League T50"]
[Site "Internet Chess Club"]
[Date "2011.09.10"]
[Round "5"]
[White "mmf00"]
[Black "BotanicalKnight"]
[Result "1-0"]
[WhiteElo "1901"]
[BlackElo "1568"]
[Opening "Caro-Kann: exchange variation"]
[ECO "B13"]
[Time "10:07:18"]
[TimeControl "2700+45"]

1. e4 c6 2. d4 d5 3. exd5 Qxd5 4. Nc3 Qd8 5. Nf3 Bg4 6. Bc4 e6 7. Be3 Nf6 8. h3
Bh5 9. a3 Be7 10. O-O O-O 11. Be2 Nbd7 12. Bf4 Nd5 13. Nxd5 cxd5 14. Ne5 Bg6 15.
Nxg6 hxg6 16. Bd3 Nf6 17. Qf3 a6 18. c3 b5 19. Be5 Qb6 20. h4 Nh7 21. h5 Ng5 22.
Qg4 f5 23. Qe2 gxh5 24. Qxh5 Qd8 25. g3 Qe8 26. Qe2 Qg6 27. Kg2 Kf7 28. Rh1 Rh8
29. Rae1 Ne4 30. Bxe4 dxe4 31. f3 exf3+ 32. Qxf3 Qg5 33. Bf4 Qg6 34. d5 Rxh1 35.
Rxh1 Rd8 36. dxe6+ Qxe6 37. Qh5+ Qg6 38. Qe2 Qc6+ 39. Qf3 Qe6 40. Qh5+ Qg6 41.
Qxg6+ Kxg6 42. Re1 Kf7 43. Kf3 g5 44. Rxe7+ Kxe7 45. Bxg5+ Kd7 46. Bxd8 Kxd8 47.
Kf4 a5 48. Kxf5 {Black forfeits on time} 1-0

[Event "Team 45 45 League T50"]
[Site "Internet Chess Club"]
[Date "2011.09.10"]
[Round "5"]
[White "tryanything"]
[Black "juniorVishy"]
[Result "0-1"]
[WhiteElo "1543"]
[BlackElo "1671"]
[Opening "Queen's pawn game"]
[ECO "D02"]
[Time "17:00:36"]
[TimeControl "2700+45"]

1. d4 d5 2. Nf3 Bf5 3. c4 c6 4. e3 e6 5. Nc3 Nf6 6. Bd3 Bxd3 7. Qxd3 Nbd7 8.
cxd5 cxd5 9. O-O Be7 10. a3 O-O 11. b4 Nb6 12. Nd2 Rc8 13. Bb2 Nc4 14. Nxc4 Rxc4
15. Rfc1 Qd7 16. Ne2 Rfc8 17. Rxc4 Rxc4 18. Rc1 Rxc1+ 19. Bxc1 Qc6 20. Qc3 Qxc3
21. Nxc3 Ne8 22. Kf1 Nd6 23. Ke2 Kf8 24. g3 Ke8 25. h4 Kd7 26. Na4 b6 27. Nc3
Kc6 28. Kd3 Nb5 29. Nxb5 Kxb5 30. Kc3 Ka4 31. Kb2 a5 32. Bd2 axb4 33. axb4 Bxb4
34. Bxb4 Kxb4 35. Kc2 Ka3 36. f4 b5 37. g4 b4 38. f5 exf5 39. gxf5 Ka2 40. e4
b3+ 41. Kc3 b2 {White resigns} 0-1

[Event "Team 45 45 League T50"]
[Site "Internet Chess Club"]
[Date "2011.09.13"]
[Round "5"]
[White "TerryMalloy"]
[Black "Deckfuel"]
[Result "1-0"]
[WhiteElo "1967"]
[BlackElo "1923"]
[Opening "Catalan: closed, 5.Nf3"]
[ECO "E06"]
[Time "16:30:07"]
[TimeControl "2700+45"]

1. d4 Nf6 2. c4 e6 3. g3 d5 4. Bg2 Be7 5. Nf3 O-O 6. O-O b6 7. cxd5 exd5 8. Nc3
Bb7 9. Qb3 Nc6 10. Bf4 Na5 11. Qc2 c5 12. Rac1 Ne4 13. Rfd1 Nxc3 14. Qxc3 c4 15.
Ne5 b5 16. Qe1 f6 17. Bd2 b4 18. Ng4 Nc6 19. Ne3 Nxd4 20. Nxc4 Ba6 21. e3 Ne2+
22. Qxe2 Bxc4 23. Rxc4 d4 24. Rxd4 {Black resigns} 1-0

[Event "Team 45 45 League T50"]
[Site "Internet Chess Club"]
[Date "2011.09.10"]
[Round "5"]
[White "randallsr"]
[Black "acejackace"]
[Result "0-1"]
[WhiteElo "1713"]
[BlackElo "1392"]
[Opening "English opening"]
[ECO "A05"]
[Time "15:10:12"]
[TimeControl "2700+45"]

1. Nf3 Nf6 2. c4 g6 3. b3 Bg7 4. Bb2 O-O 5. g3 c6 6. Bg2 d6 7. O-O e5 8. d3 Nbd7
9. Nbd2 Re8 10. Rc1 a6 11. Rc2 d5 12. cxd5 Nxd5 13. a4 Qb6 14. Rc1 e4 15. Bxg7
exf3 16. Bxf3 Kxg7 17. Nc4 Qb4 18. Bxd5 cxd5 19. Ne3 Nf6 20. Qc2 Be6 21. Qb2
Rac8 22. Ng2 d4 23. Rb1 Rc3 24. Qd2 Rec8 25. Rb2 Bxb3 26. Nf4 Qxa4 27. Rfb1 Qa3
28. Kg2 R8c7 {White forfeits on time} 0-1

[Event "Team 45 45 League T50"]
[Site "Internet Chess Club"]
[Date "2011.09.11"]
[Round "5"]
[White "bondguy01"]
[Black "justice02"]
[Result "0-1"]
[WhiteElo "1687"]
[BlackElo "1811"]
[Opening "Caro-Kann: anti-anti-Caro-Kann defense"]
[ECO "B10"]
[Time "15:59:34"]
[TimeControl "2700+45"]

1. e4 c6 2. c4 d5 3. cxd5 cxd5 4. exd5 Qxd5 5. Nc3 Qd8 6. d4 Nf6 7. Nf3 e6 8.
Bd3 Be7 9. Bg5 h6 10. Bh4 O-O 11. Bc2 Nc6 12. a3 Qb6 13. Qd3 g6 14. O-O Rd8 15.
Ne2 e5 16. Bxf6 Bxf6 17. Qe3 exd4 18. Qxh6 Bg7 19. Qg5 d3 20. Nf4 dxc2 21. Nxg6
fxg6 22. Qxg6 Qxb2 23. Ng5 Qf6 24. Qh7+ Kf8 25. h4 Qxa1 26. Qxc2 Qxa3 27. Qc4
Qe7 28. Nh7+ Ke8 29. Ng5 Bf5 30. Qb5 Bd3 {White resigns} 0-1

[Event "Team 45 45 League T50"]
[Site "Internet Chess Club"]
[Date "2011.09.08"]
[Round "5"]
[White "qs16"]
[Black "Buford-Julep"]
[Result "1/2-1/2"]
[WhiteElo "1825"]
[BlackElo "1687"]
[Opening "Queen's pawn game"]
[ECO "D04"]
[Time "15:00:41"]
[TimeControl "2700+45"]

1. d4 d5 2. Nf3 Nf6 3. e3 Bf5 4. Bd3 e6 5. Bxf5 exf5 6. O-O g6 7. Ne5 Bg7 8. Nd2
Nbd7 9. f4 O-O 10. b3 Qe7 11. Bb2 Ng4 12. Qe2 f6 13. Nxg4 fxg4 14. Rae1 f5 15.
c4 c6 16. cxd5 cxd5 17. Rc1 Rac8 18. Nb1 Rfe8 19. Rxc8 Rxc8 20. Nc3 Nb6 21. Re1
a6 22. Qd2 Rc6 23. g3 Bf8 24. Rc1 Qc7 25. Ne2 Rxc1+ 26. Nxc1 Nd7 27. Nd3 Nf6 28.
Qc3 Qxc3 29. Bxc3 Ne4 30. Ba5 Ba3 31. Kf1 h5 32. Ke2 Kg7 33. Ne5 Nd6 34. Nd7 Ne4
35. Nb6 Nf6 36. Bd2 Kf7 37. Na4 Ne4 38. Be1 Ke6 39. Kd3 Kd6 40. Nc3 Nxc3 41.
Bxc3 Kc6 42. Kc2 Kb5 43. Kd3 Be7 44. a4+ Kb6 45. b4 g5 46. Kc2 Kc6 {Game drawn
by mutual agreement} 1/2-1/2

[Event "Team 45 45 League T50"]
[Site "Internet Chess Club"]
[Date "2011.09.12"]
[Round "5"]
[White "jjmolina"]
[Black "vael"]
[Result "1-0"]
[WhiteElo "1792"]
[BlackElo "1702"]
[Opening "Sicilian defense"]
[ECO "B33"]
[Time "10:30:50"]
[TimeControl "2700+45"]

1. e4 c5 2. Nf3 Nc6 3. d4 cxd4 4. Nxd4 Nf6 5. Nc3 e6 6. Nxc6 bxc6 7. e5 Nd5 8.
Ne4 Qc7 9. f4 Qb6 10. c4 Ne3 11. Qd3 Nf5 12. g4 Nd4 13. Bg2 Bb7 14. b3 c5 15.
Bb2 Nc6 16. Kf2 Rd8 17. Rhd1 Nd4 18. Rac1 h5 19. g5 Be7 20. Rd2 Nf5 21. Rcd1 h4
22. Bh1 h3 23. Nd6+ Bxd6 24. exd6 Bxh1 25. Rxh1 Rh4 26. Be5 Qc6 27. Rg1 g6 28.
Rdd1 Qb7 29. Rde1 Qc6 30. Re4 Qb7 31. Rge1 Qc6 32. a4 Qb7 33. Rc1 Rb8 34. Rc3
Qc6 35. Kg1 Qb7 36. Qf3 Qc6 37. Rd3 Rg4+ 38. Qxg4 Qxe4 39. Qxh3 Qe1+ 40. Qf1 Qh4
41. Kh1 {Black resigns} 1-0

[Event "Team 45 45 League T50"]
[Site "Internet Chess Club"]
[Date "2011.09.09"]
[Round "5"]
[White "bshribharath"]
[Black "frank001"]
[Result "1-0"]
[WhiteElo "1686"]
[BlackElo "1650"]
[Opening "Sicilian: Smith-Morra gambit"]
[ECO "B21"]
[Time "02:00:36"]
[TimeControl "2700+45"]

1. e4 c5 2. d4 cxd4 3. c3 dxc3 4. Nxc3 Nc6 5. Nf3 d6 6. Bc4 e6 7. O-O Be7 8. Qe2
Nf6 9. Rd1 e5 10. Be3 O-O 11. Rac1 Be6 12. b4 a6 13. Nd5 Bxd5 14. exd5 Nb8 15.
a4 Ng4 16. Bd2 f5 17. h3 Nh6 18. Bxh6 gxh6 19. Re1 Nd7 20. Nd4 Rf6 21. h4 Nf8
22. Nxf5 Qd7 23. Qg4+ Rg6 24. Nxh6+ Kg7 25. Qxd7 Nxd7 26. Nf5+ Kf6 27. Nxe7 Kxe7
28. Bd3 Rg4 29. Re4 Rg7 30. Re3 Rag8 31. g3 Kd8 32. b5 a5 33. Bf5 Nc5 34. Kf1
Rf8 35. Be4 h6 36. Ke2 Rg4 37. Rc4 Nb3 38. Rxb3 {Black resigns} 1-0

[Event "Team 45 45 League T50"]
[Site "Internet Chess Club"]
[Date "2011.09.09"]
[Round "5"]
[White "IceBox"]
[Black "FlyingTiger"]
[Result "1/2-1/2"]
[WhiteElo "1767"]
[BlackElo "1850"]
[Opening "King's Indian: Torre attack"]
[ECO "A48"]
[Time "17:01:47"]
[TimeControl "2700+45"]

1. d4 Nf6 2. Nf3 g6 3. Bg5 Bg7 4. Nbd2 O-O 5. e4 d5 6. Bd3 dxe4 7. Nxe4 Nxe4 8.
Bxe4 c5 9. dxc5 Bxb2 10. Qxd8 Rxd8 11. Rb1 Bc3+ 12. Ke2 Nc6 13. Rhd1 Re8 14. Rb3
Bg7 15. a4 f5 16. Bd5+ e6 17. Bc4 Na5 18. Bb5 Nc6 19. Bc4 h6 20. Be3 Kf8 21. Nd4
Na5 22. Rb4 Nxc4 23. Rxc4 a6 24. Nb3 e5 25. Rb4 a5 26. Rb5 f4 27. Bc1 e4 28.
Bxf4 Bg4+ 29. Ke1 Bxd1 30. Kxd1 Rad8+ 31. Bd6+ Kg8 32. Ke2 Bf8 33. Bf4 g5 34.
Be3 Ra8 35. Rxb7 Re7 36. Rb5 Rc7 37. Kd2 Kf7 38. Ke2 Ke8 39. Bd4 Kf7 40. Rb6 Bg7
41. Be3 {Game drawn by mutual agreement} 1/2-1/2

[Event "Team 45 45 League T50"]
[Site "Internet Chess Club"]
[Date "2011.09.17"]
[Round "5"]
[White "Freitac"]
[Black "achessman"]
[Result "1/2-1/2"]
[WhiteElo "1874"]
[BlackElo "1935"]
[Opening "QGD Slav: 3.Nf3"]
[ECO "D11"]
[Time "08:07:29"]
[TimeControl "2700+45"]

1. d4 d5 2. c4 c6 3. Nf3 e6 4. e3 Nd7 5. b3 Bd6 6. Bb2 Ne7 7. Bd3 O-O 8. O-O Ng6
9. Nbd2 Qe7 10. Qc2 e5 11. cxd5 cxd5 12. dxe5 Ndxe5 13. Nxe5 Bxe5 14. Bxe5 Qxe5
15. Nf3 Qe7 16. Rac1 Be6 17. Nd4 Rfc8 18. Qd2 Ne5 19. Bb1 Rxc1 20. Rxc1 g6 21.
Rc3 Qd7 22. Qc1 Rc8 23. Rxc8+ Qxc8 24. Qxc8+ Bxc8 25. Nb5 Bd7 26. Nxa7 Kf8 27.
Kf1 Ke7 28. h3 f6 29. f4 Nc6 30. Nxc6+ Bxc6 31. g3 Kd6 32. Ke2 Kc5 33. a3 b5 34.
Kd3 b4 35. axb4+ Kxb4 36. Bc2 Bd7 37. h4 Bf5+ 38. Kd2 Bg4 39. Bd1 Bxd1 40. Kxd1
Kxb3 41. Kd2 Kc4 42. Kc2 d4 43. e4 d3+ 44. Kd2 Kd4 45. e5 fxe5 46. fxe5 Kxe5 47.
Kxd3 Kf5 48. Ke3 Kg4 49. Kf2 h6 50. Kg2 g5 51. hxg5 hxg5 52. Kf2 {Game drawn by
mutual agreement} 1/2-1/2

[Event "Team 45 45 League T50"]
[Site "Internet Chess Club"]
[Date "2011.09.09"]
[Round "5"]
[White "BigH"]
[Black "Sir-Sinister"]
[Result "1/2-1/2"]
[WhiteElo "1901"]
[BlackElo "1825"]
[Opening "Queen's pawn: Lundin (Kevitz-Mikenas) defense"]
[ECO "A40"]
[Time "08:07:01"]
[TimeControl "2700+45"]

1. d4 Nc6 2. d5 Ne5 3. e4 e6 4. f4 Ng6 5. dxe6 fxe6 6. Nf3 Bc5 7. Nc3 Nf6 8. e5
Ng4 9. Ne4 Qe7 10. Qe2 Bb6 11. Bd2 d5 12. exd6 cxd6 13. h3 Nf6 14. O-O-O Nxe4
15. Qxe4 O-O 16. g3 Bd7 17. Qxb7 Rab8 18. Qa6 Bc6 19. Be2 Rfc8 20. Rhf1 Be4 21.
Bd3 Bb7 22. Qa4 Bc6 23. Qa6 Bb7 24. Qa4 Bc6 25. Qa6 Bb7 {Game drawn by
repetition} 1/2-1/2